 Dungeon Crawl Stone Soup version 0.27-a0-887-gcab673c142 (webtiles) character file.

Game seed: 12757634116401521702

9 Alarkh the Insei (level 2, 19/21 HPs)
             Began as a Demonspawn Transmuter on Apr 3, 2021.
             Got out of the dungeon alive.
             The game lasted 00:00:13 (373 turns).

Alarkh the Insei (Demonspawn Transmuter)             Turns: 373, Time: 00:00:14

Health: 19/21      AC:  2    Str: 10    XL:     2   Next: 6%
Magic:  5/5        EV: 12    Int: 14    God:
Gold:   6          SH:  0    Dex: 13    Spells: 4/5 levels left

rFire    . . .     SeeInvis .     - Unarmed
rCold    . . .     Faith    .   (no shield)
rNeg     . . .     Spirit   .   a - +0 robe
rPois    .         Reflect  .   (no helmet)
rElec    .         Harm     .   (no cloak)
rCorr    .         Rampage  .   (no gloves)
Will     .....                  (no boots)
Stlth    +.........             (no amulet)
HPRegen  0.07/turn              (no ring)
MPRegen  0.09/turn              (no ring)

@: no status effects
A: sanguine armour 1
a: no special abilities


You escaped.
You visited 1 branch of the dungeon, and saw 1 of its levels.

You collected 6 gold pieces.

Inventory:

Armour
 a - a +0 robe (worn)


   Skills:
 + Level 1.4 Fighting
 - Level 1.7 Dodging
 * Level 3.1 Unarmed Combat
 - Level 2.0 Spellcasting
 - Level 1.7 Transmutations


You had 4 spell levels left.
You knew the following spells:

 Your Spells              Type           Power      Damage    Failure   Level
a - Beastly Appendage     Tmut           12%        N/A       12%         1

Your spell library contained the following spells:

 Spells                   Type           Power      Damage    Failure   Level
 Wereblood                Tmut           6%         N/A       17%         2
 Corona                   Hex            1%         N/A       24%         1
 Slow                     Hex            1%         N/A       34%         2
 Spider Form              Tmut/Pois      1%         N/A       45%         3
 Inner Flame              Hex/Fire       1%         N/A       56%         3
 Portal Projectile        Hex/Tloc       2%         N/A       56%         3
 Ice Form                 Ice/Tmut       3%         N/A       86%         4
 Cause Fear               Hex            0%         N/A       93%         4
 Leda's Liquefaction      Hex/Erth       0%         N/A       93%         4
 Hydra Form               Tmut           3%         N/A       97%         5


Dungeon Overview and Level Annotations

Branches:
Dungeon (1/15)

Altars:


Innate Abilities, Weirdness & Mutations

When seriously injured, your bleeding wounds create armour. (AC +0)


Message History

A giant cockroach comes into view.
The goblin completely misses you.
You completely miss the goblin. The goblin hits you with a +0 club.
You hit the goblin.
You kill the goblin!
Your Unarmed Combat skill increases to level 3!
You see here a +0 club.
You hit the hobgoblin but do no damage. The hobgoblin closely misses you.
You hit the hobgoblin but do no damage. The hobgoblin misses you.
You completely miss the hobgoblin. The hobgoblin barely misses you.
You hit the hobgoblin but do no damage. The hobgoblin barely misses you.
You hit the hobgoblin.
The hobgoblin is moderately wounded.
The hobgoblin barely misses you.
You hit the hobgoblin.
You kill the hobgoblin!
You have reached level 2!
Your demonic ancestry asserts itself...
You feel your blood ready itself to protect you.
You hit the giant cockroach.
The giant cockroach is moderately wounded.
The giant cockroach bites you but does no damage.
You hit the giant cockroach.
You kill the giant cockroach!
No target in view!
No target in view!
No target in view!
No target in view!
No target in view!
No target in view!
No target in view!
No target in view!
There is a faded altar of an unknown god here.
You open the door.
There is an open door here.
There is a staircase leading out of the dungeon here.
Are you sure you want to leave the Dungeon?
This will make you lose the game! [Y]es or [N]o only, please.
Are you sure you want to leave the Dungeon?
This will make you lose the game!
You have escaped!

.# [.# #####.# #### #.# #.....
...# ##.# #.... ...#######...
##########..#######+#..##....._..
........##..#.......#..##.######.
##.####.....#.......#..##.# #.
...# ####..#.......#..##.# ##
.### #..#...@...'..##.# .#
#..'.......#..##.# .#
#..#.......#..##.# .#
#..#.......#.....# .#
#..#.......#..#### .#
#..#+#######..# .#
#.............# .#
#.............# .#
#########.#####


There were no monsters in sight!

Vanquished Creatures
  A bat (D:1)
  2 endoplasms (D:1)
  A giant cockroach (D:1)
  A goblin (D:1)
  2 hobgoblins (D:1)
7 creatures vanquished.

Notes
Turn   | Place    | Note
-------+----------+-------------------------------------------
     0 | D:1      | Alarkh the Demonspawn Transmuter began the quest for the
                  | Orb.
     0 | D:1      | Reached XP level 1. HP: 15/15 MP: 3/3
   272 | D:1      | Found a faded altar of an unknown god.
   314 | D:1      | Reached skill level 3 in Unarmed Combat
   321 | D:1      | Gained mutation: When seriously injured, your bleeding
                  | wounds create armour. (AC +0) [demonic ancestry]
   321 | D:1      | Reached XP level 2. HP: 15/21 MP: 5/5
   373 | D:$      | Got out of the dungeon alive.

Illustrated notes

Levels and vault maps discovered:
D:1:      lemuel_arrival_room, layout_basic, basic_ecumenical_altar

Skill      XL: |  1 |
---------------+----+-----
Unarmed Combat | 3 |  3.1
Fighting       | |  1.4
Dodging        | |  1.7
Spellcasting   | |  2.0
Transmutations | |  1.7

Action                   || total
-------------------------++-------
Melee: Unarmed           ||    27
       Kick              ||     1
 Cast: Beastly Appendage ||     1
Armor: Robe              ||     2
Dodge: Dodged            ||    14

Table legend: (Time is in decaauts)
 A = Elapsed time spent in this place.
 B = Non-inter-level travel time spent in this place.
 C = Inter-level travel time spent in this place.
 D = Time resting spent in this place.
 E = Time spent auto-exploring this place.
 F = Levels seen in this place.
 G = Mean time per level.
                   A        B        C        D        E       F      G
               +--------+--------+--------+--------+--------+-----+--------+
         Total |    372 |    323 |     49 |      0 |    276 |   1 |  372.0 |
       Dungeon |    372 |    323 |     49 |      0 |    276 |   1 |  372.0 |
               +--------+--------+--------+--------+--------+-----+--------+

Top non-repeatable levels by time:
     D:1: 372 daAuts
